 Dungeon Crawl Stone Soup version 0.29-a0-284-gf9362112df (webtiles) character file.

Game seed: 8135126305690118996

43 spaghetti the Sneak (level 3, 25/32 HPs)
             Began as a Deep Dwarf Hunter on Mar 30, 2022.
             Was a Follower of the Shining One.
             Quit the game on level 2 of the Dungeon.
             The game lasted 00:01:44 (577 turns).

spaghetti the Sneak (Deep Dwarf Hunter)              Turns: 577, Time: 00:01:45

Health: 25/32      AC:  3    Str: 14    XL:     3   Next: 37%
Magic:  3/3        EV: 12    Int: 17    God:    the Shining One [*.....]
Gold:   90         SH:  0    Dex: 16    Spells: 2/2 levels left

rFire   . . .      SeeInvis .   a - +1 hunting sling {sling}
rCold   . . .      Faith    .   (no shield)
rNeg    . . .      Spirit   .   b - +0 leather armour
rPois   .          Reflect  .   (no helmet)
rElec   .          Harm     .   (no cloak)
rCorr   .          Rampage  .   (no gloves)
Will    .....                   (no boots)
Stlth   +.........              (no amulet)
HPRegen 0.00/turn               f - +6 ring of intelligence
MPRegen 0.08/turn               (no ring)

@: glowing
A: damage resistance, heal wounds, sense surroundings 1, no regeneration
a: Heal Wounds, Renounce Religion, Divine Shield


You were on level 2 of the Dungeon.
You worshipped the Shining One.
The Shining One was aware of your devotion.
You visited 1 branch of the dungeon, and saw 2 of its levels.

You collected 90 gold pieces.


Innate Abilities, Weirdness & Mutations

You are resistant to damage.
You can heal yourself by infusing magical energy.
You passively map a small area around you.
You do not regenerate.


   Skills:
 - Level 1.7 Fighting
 - Level 4.3 Slings
 - Level 2.1 Dodging
 + Level 4.5 Stealth


You had 2 spell levels left.
You didn't know any spells.
Your spell library was empty.

Inventory:

Hand Weapons
 a - a +1 hunting sling (weapon) {sling}
Missiles
 d - 45 stones {throwing}
Armour
 b - a +0 leather armour (worn)
Jewellery
 f - a +6 ring of intelligence (left hand)
   (You found it on level 1 of the Dungeon)
Wands
 h - a wand of mindburst (5)
   (You found it on level 2 of the Dungeon)
Scrolls
 c - a scroll of immolation {!r!r}
 e - a scroll of identify {unknown}
 g - a scroll of amnesia {unknown}
 i - a scroll of teleportation {unknown}

Dungeon Overview and Level Annotations

Branches:
Dungeon (2/15)

Altars:
The Shining One

>...###)......#.# *
..##.#.########.# *
.#........# #.#
..........# #.#
###.#.##..# #.# * ,
#.#.##..# #.# *
#.#.##..# #.# , *
#.#.##..#####.### ,
*
###.#...........@.#
..........####.###.#
**,, .#######..# #.#
.. .#######..# #.# *
*#..
........>.#,,... *
,## .......##.# ###
........#.#.# * ,
..♣P.♣..#.#.# *
P.P♣P...#.#.# *


There were no monsters in sight!


Message History

Your base attributes are Str 14, Int 9, Dex 16.
Increase (S)trength, (I)ntelligence, or (D)exterity?
You feel clever. x2 😕 HP[+5] MP[+1]
You now have 32 max hp (+6).
You regained 5 hp, and now have 25/32 hp.
Your mp is fully restored (3).
There is a stone staircase leading up here.
Found a faded altar of an unknown god.
Fire: a) +1 hunting sling {sling}
Press: ? - help, Q - select action, (/) - cycle Shift-Dir - straight line, f - you
Okay, then.
You see here a +0 short sword {short}.
An adder comes into view.
You see here a scroll labelled PILLEM DYST.
There is a faded altar of an unknown god here.
You cannot tell which god this altar belongs to.
Convert to them anyway?
The Shining One accepts your prayer! The Shining One welcomes you!
You and your allies can now gain power from killing the unholy and evil.
You can now call upon the Shining One for a divine shield.
The adder hisses angrily.
You see here a scroll labelled PILLEM DYST.
Fire: a) +1 hunting sling {sling}
Press: ? - help, Q - select action, (/) - cycle Shift-Dir - straight line, f - adder
Aim: an adder (42% to hit)
You shoot a sling bullet. The sling bullet hits the adder.
Fire: a) +1 hunting sling {sling}
Press: ? - help, Q - select action, (/) - cycle Shift-Dir - straight line, f/p - adder
Aim: an adder (moderately wounded, haloed, 60% to hit)
You shoot a sling bullet. The sling bullet hits the adder!
The adder closely misses you.
Fire: a) +1 hunting sling {sling}
Press: ? - help, Q - select action, (/) - cycle Shift-Dir - straight line, f/p - adder
Aim: an adder (almost dead, haloed, 60% to hit)
You shoot a sling bullet. The sling bullet hits the adder.
You kill the adder!
g - a scroll labelled PILLEM DYST
Found a stone staircase leading down.
You now have 90 gold pieces (gained 8).
Fire: a) +1 hunting sling {sling}
Press: ? - help, Q - select action, (/) - cycle Shift-Dir - straight line, f - you
Okay, then.
h - a wand of mindburst (5) Key pressed, stopping explore.
Found an escape hatch in the floor.
Fire: a) +1 hunting sling {sling}
Press: ? - help, Q - select action, (/) - cycle Shift-Dir - straight line, f - worm
Aim: a worm (79% to hit)
You shoot a sling bullet.
The sling bullet completely misses the worm.
Fire: a) +1 hunting sling {sling}
Press: ? - help, Q - select action, (/) - cycle Shift-Dir - straight line, f - you That would be overly suicidal.
Okay, then.
Fire: a) +1 hunting sling {sling}
Press: ? - help, Q - select action, (/) - cycle Shift-Dir - straight line, f - you That would be overly suicidal.
Okay, then.
Fire: a) +1 hunting sling {sling}
Press: ? - help, Q - select action, (/) - cycle Shift-Dir - straight line, f - worm
Aim: a worm (79% to hit)
You shoot a sling bullet. The sling bullet hits the worm!
Fire: a) +1 hunting sling {sling}
Press: ? - help, Q - select action, (/) - cycle Shift-Dir - straight line, f/p - worm
Aim: a worm (moderately wounded, 79% to hit)
You shoot a sling bullet. The sling bullet hits the worm.
Fire: a) +1 hunting sling {sling}
Press: ? - help, Q - select action, (/) - cycle Shift-Dir - straight line, f/p - worm
Aim: a worm (heavily wounded, haloed, 97% to hit)
You shoot a sling bullet. The sling bullet hits the worm.
The worm closely misses you.
Fire: a) +1 hunting sling {sling}
Press: ? - help, Q - select action, (/) - cycle Shift-Dir - straight line, f/p - worm
Aim: a worm (severely wounded, haloed, 97% to hit)
You shoot a sling bullet. The sling bullet hits the worm.
You kill the worm!
i - a scroll labelled OXOTUUL SACODGH You see here a +0 mace {mace}.
You see here a +0 mace {mace}.
A giant cockroach comes into view.
The giant cockroach moves out of view.
Fire: a) +1 hunting sling {sling}
Press: ? - help, Q - select action, (/) - cycle Shift-Dir - straight line, f - you That would be overly suicidal.
Okay, then.
A giant cockroach is nearby!
A giant cockroach is nearby!
Fire: a) +1 hunting sling {sling}
Press: ? - help, Q - select action, (/) - cycle Shift-Dir - straight line, f - giant cockroach
Aim: a giant cockroach (60% to hit)
You shoot a sling bullet.
The sling bullet hits the giant cockroach.
Fire: a) +1 hunting sling {sling}
Press: ? - help, Q - select action, (/) - cycle Shift-Dir - straight line, f/p - giant cockroach
Aim: a giant cockroach (heavily wounded, 60% to hit)
You shoot a sling bullet.
The sling bullet hits the giant cockroach.
You kill the giant cockroach!
Are you sure you want to abandon this character and quit the game? (Confirm with "yes".)

Skill      XL: |  1  2 |
---------------+-------+-----
Stealth        | 2 4 |  4.5
Fighting       | |  1.7
Slings         | |  4.3
Dodging        | |  2.1

Action                   || total
-------------------------++-------
 Fire: Hunting sling     ||    81
Armor: Leather armour    ||    11
Dodge: Dodged            ||    21

Levels and vault maps discovered:
D:1:      onia_arrival_zoo_common, layout_rooms, minmay_misc_feat_enclosed,
          nicolae_wormholes
D:2:      layout_loops_ring, dreamdust_ecumenical_altar_grove, uniq_sigmund,
          uniq_terence

Notes
Turn   | Place    | Note
-------+----------+-------------------------------------------
     0 | D:1      | spaghetti the Deep Dwarf Hunter began the quest for the
                  | Orb.
     0 | D:1      | Reached XP level 1. HP: 19/19 MP: 1/1
     0 | D:1      | magus.rc [v1.9.6]
     7 | D:1      | Noticed a water moccasin
     7 | D:1      | Noticed a polar bear
    47 | D:1      | Reached skill level 2 in Stealth
   105 | D:1      | Reached XP level 2. HP: 21/26 MP: 2/2
   111 | D:1      | Reached skill level 3 in Stealth
   407 | D:1      | Reached skill level 4 in Stealth
   446 | D:2      | Reached XP level 3. HP: 25/32 MP: 3/3
   451 | D:2      | Found a faded altar of an unknown god.
   459 | D:2      | Prayed at the altar of an unknown god.
   459 | D:2      | Became a worshipper of the Shining One
   459 | D:2      | Reached * piety under the Shining One
   577 | D:2      | Quit the game

Vanquished Creatures
  An adder (D:2)
  A worm (D:2)
  A bat (D:1)
  3 endoplasms
  A giant cockroach (D:2)
  3 goblins (D:1)
  3 hobgoblins (D:1)
  6 jackals (D:1)
  3 kobolds (D:1)
  A ball python (D:1)
  A frilled lizard (D:1)
  4 rats (D:1)
28 creatures vanquished.

Table legend:
 A = Non-vault XP
 B = Vault XP
 C = Vault XP percentage of total XP
 D = Non-vault monster count
 E = Vault monster count
 F = Vault count percentage of total count
                 A         B        C        D         E       F
            +---------+---------+-------+---------+---------+-------
      Total |      57 |       5 |   8.1 |      27 |       1 |   3.6
            +---------+---------+-------+---------+---------+-------
        D:1 |      40 |       0 |   0.0 |      24 |       0 |   0.0
        D:2 |      17 |       5 |  22.7 |       3 |       1 |  25.0
            +---------+---------+-------+---------+---------+-------

Illustrated notes

Table legend:
 A = Kills in this place as a percentage of kills in entire the game.
 B = Kills by you in this place as a percentage of kills by you in the entire game.
 C = Kills by friends in this place as a percentage of kills by friends in the entire game.
 D = Other kills in this place as a percentage of other kills in the entire game.
 E = Experience gained in this place as a percentage of experience gained in the entire game.
 F = Experience gained in this place divided by the number of levels of this place that you have seen.
                   A       B       C       D       E      F
               +-------+-------+-------+-------+-------+----------------------
         Total | 100.0 | 100.0 |   N/A |   N/A | 100.0 |  31.0
       Dungeon | 100.0 | 100.0 |   N/A |   N/A | 100.0 |  31.0
               +-------+-------+-------+-------+-------+----------------------

Table legend: (Time is in decaauts)
 A = Elapsed time spent in this place.
 B = Non-inter-level travel time spent in this place.
 C = Inter-level travel time spent in this place.
 D = Time resting spent in this place.
 E = Time spent auto-exploring this place.
 F = Levels seen in this place.
 G = Mean time per level.
                   A        B        C        D        E       F      G
               +--------+--------+--------+--------+--------+-----+--------+
         Total |    602 |    581 |     21 |      0 |    425 |   2 |  301.0 |
       Dungeon |    602 |    581 |     21 |      0 |    425 |   2 |  301.0 |
               +--------+--------+--------+--------+--------+-----+--------+

Top non-repeatable levels by time:
     D:1: 464 daAuts
     D:2: 137 daAuts
